 Dungeon Sprint DCSS version 0.21.1-1-g345015f (webtiles) character file.

1700000 Fang the Axe Maniac (level 16, -35/180 HPs)
             Began as a Minotaur Gladiator on May 6, 2018.
             Was a Believer of Makhleb.
             Annihilated by a meat berserker
             ... wielding a +9 battleaxe
              (60 damage)
             ... in the Dungeon (Sprint VIII: "Arena of Blood").
             The game lasted 00:00:29 (17 turns).

Fang the Axe Maniac (Minotaur Gladiator)              Turns: 17, Time: 00:00:29

Health: -35/180    AC:  4    Str: 24    XL:     16   Next: 28%
Magic:  15/15      EV: 30    Int:  5    God:    Makhleb [**....]
Gold:   0          SH:  0    Dex: 14    Spells: 15/15 levels left

rFire    . . .     SeeInvis .   l - +∞ Axe of Woe
rCold    . . .     Gourm    .   (shield currently unavailable)
rNeg     . . .     Faith    .   b - +0 leather armour
rPois    .         Spirit   .   c - +0 hat
rElec    .         Reflect  .   (no cloak)
rCorr    .         Harm     .   (no gloves)
MR       +....     NoTele   +   (no boots)
Stlth    +.........             (no amulet)
HPRegen  0.40/turn              (no ring)
MPRegen  0.14/turn              (no ring)

@: no status effects
A: retaliatory headbutt, horns 2
a: Minor Destruction, Renounce Religion


You were in the Dungeon.
You worshipped Makhleb.
Makhleb was pleased with you.
You were not hungry.

You visited 1 branch

Inventory:

Hand Weapons
 a - a +0 war axe
 l - the +∞ Axe of Woe (weapon)
   (You found it in the Dungeon)
Missiles
 d - 3 throwing nets (quivered)
Armour
 b - a +0 leather armour (worn)
 c - a +0 hat (worn)
Scrolls
 k - a scroll of blinking
Potions
 e - a potion of curing
 g - a potion of heal wounds
 h - a potion of haste
 i - 2 potions of magic
 j - a potion of berserk rage
Comestibles
 f - a ration


   Skills:
 + Level 26.1 Fighting
 O Level 27 Axes
 + Level 22.1 Throwing
 + Level 7.9 Armour
 O Level 27 Dodging


You had 15 spell levels left.
You didn't know any spells.

Dungeon Overview and Level Annotations

Branches:
Dungeon (1/1)

Altars:
Makhleb


Innate Abilities, Weirdness & Mutations

You reflexively headbutt those who attack you in melee.
You have a pair of horns on your head.


Message History

Your Fighting skill gained 4 levels and is now at level 26!
Your Throwing skill gained 4 levels and is now at level 22!
Your Armour skill gained 2 levels and is now at level 7!
You have reached level 16!
You feel agile.
You hear a shout! x11
A bag of meat comes into view. It is wielding a +9 war axe.
Unknown command. 3 orcs come into view.
The bag of meat shouts! x2; You hear a shout! x7
The meat berserker hits you with a +9 battleaxe!!!
* * * LOW HITPOINT WARNING * * *
You hear a shout! x9
An orc and an ogre come into view.
There is a staircase leading out of the dungeon, spattered with blood here. 2 orcs and an ogre come into view.
The bag of meat shouts!
The meat berserker shouts!
The bag of meat shouts! x2
You hear a shout!
The meat berserker hits you with a +9 battleaxe!!!
You die...

.. o. o.... ..
#o.. .# . #...
..# ..###...
..###.
.o....###......
O......_......o
#).@O.# #_.<._#
#)))..#
#o...O.)._......
.......o###....O.
...###.o. ..###.
.. #... ..# #..o.
.o# ..... ..


You could see 3 meat berserkers and 8 bags of meat.

Vanquished Creatures
  3 ogres (D)
  3 orcs (D)
6 creatures vanquished.

Notes
Turn   | Place    | Note
-------+----------+-------------------------------------------
     0 | D        | Found the +∞ Axe of Woe
     0 | D        | Fang the Minotaur Gladiator began the quest for the Orb.
     0 | D        | Reached XP level 1. HP: 18/18 MP: 0/0
     3 | D        | Noticed a bag of meat
     3 | D        | Noticed a meat berserker
     3 | D        | Killed a bag of meat
     3 | D        | Reached skill level 10 in Throwing
     3 | D        | Reached XP level 2. HP: 41/41 MP: 1/1
     3 | D        | Reached XP level 3. HP: 48/48 MP: 2/2
     3 | D        | Reached XP level 4. HP: 56/56 MP: 3/3
     3 | D        | Reached XP level 5. HP: 62/62 MP: 4/4
     3 | D        | Reached XP level 6. HP: 70/70 MP: 5/5
     3 | D        | Reached XP level 7. HP: 77/77 MP: 6/6
     3 | D        | Reached XP level 8. HP: 83/83 MP: 7/7
     3 | D        | Reached XP level 9. HP: 90/90 MP: 8/8
     3 | D        | Reached XP level 10. HP: 97/97 MP: 9/9
     3 | D        | Reached XP level 11. HP: 104/104 MP: 10/10
     5 | D        | Noticed a meat berserker
     5 | D        | Became a worshipper of Makhleb the Destroyer
     6 | D        | Killed a meat berserker
     6 | D        | Reached skill level 15 in Fighting
     6 | D        | Reached XP level 12. HP: 79/119 MP: 11/11
     6 | D        | Reached XP level 13. HP: 84/126 MP: 12/12
     7 | D        | Noticed a bag of meat
     7 | D        | Noticed a bag of meat
     8 | D        | Killed a meat berserker
     8 | D        | Reached * piety under Makhleb
     8 | D        | Reached skill level 27 in Axes
     8 | D        | Reached XP level 14. HP: 34/140 MP: 13/13
    10 | D        | Noticed a meat berserker
    10 | D        | Killed a bag of meat
    10 | D        | Reached skill level 27 in Dodging
    10 | D        | Reached XP level 15. HP: 38/155 MP: 14/14
    11 | D        | Reached skill level 5 in Armour
    13 | D        | Noticed a meat berserker
    14 | D        | Noticed a meat berserker
    15 | D        | Killed a meat berserker
    15 | D        | Reached ** piety under Makhleb
    15 | D        | Reached XP level 16. HP: 95/180 MP: 15/15
    17 | D        | Noticed a meat berserker
    17 | D        | Noticed a meat berserker
    17 | D        | Annihilated by a meat berserker

Skill      XL: |  1  2  3  4  5  6  7  8  9 10 11 12 13 14 15 |
---------------+----------------------------------------------+-----
Fighting       | 12 15 17 19 26 | 26.1
Axes           | 20 25 27 | 27.0
Throwing       | 10 12 14 16 22 | 22.1
Dodging        | 19 23 26 27 | 27.0
Armour         | 3 7 |  7.9

Action                   |  1- 3 |  4- 6 |  7- 9 | 10-12 | 13-15 | 16-18 || total
-------------------------+-------+-------+-------+-------+-------+-------++-------
Melee: Executioner's axe |     1 |       |       |     1 |     4 |       ||     6
